 Dungeon Crawl Stone Soup version 0.32-a0-931-g5a2cda0630 (webtiles) character file.

Game seed: 18051922419043636457

15224 KennySheep the Arsonist (level 11, -1/95 HPs)
             Began as a Mountain Dwarf Cinder Acolyte on Apr 13, 2024.
             Was a Believer of Ignis.
             Killed from afar by a rime drake (24 damage)
             ... with an icy flash freeze
             ... on level 1 of the Lair of Beasts.
             The game lasted 01:12:47 (17195 turns).

KennySheep the Arsonist (MDCA)                     Turns: 17195, Time: 01:12:48

Health: -1/95      AC: 25    Str: 16    XL:     11   Next: 99%
Magic:  2/23       EV:  4    Int: 22    God:    Ignis [**....]
Gold:   732        SH:  5    Dex: 11    Spells: 17/26 levels left

rFire   + + +        i - staff of fire
rCold   . . .        D - orb {*channel}
rNeg    . . .        M - +0 plate armour
rPois   .            y - +1 helmet
rElec   +            (no cloak)
rCorr   .            j - +3 pair of gloves of Periwinkles {rElec Int+2 Dex+4}
SInv    .            B - +0 pair of boots
Will    +....        k - amulet of reflection Stlth
                     J - +4 ring of protection
HPRegen 0.35/turn    x - ring of Ruoxtin {rF+ Dex+2}
MPRegen 0.18/turn

%: reflection, channel magic (20%)
@: brilliant, lethally poisoned (-1 -> -1)
A: runic magic, artefact enchanting
a: Renounce Religion, Fiery Armour, Foxfire Swarm


You were on level 1 of the Lair of Beasts.
You worshipped Ignis.
Ignis was pleased with you.
You visited 3 branches of the dungeon, and saw 12 of its levels.

You collected 758 gold pieces.
You spent 26 gold pieces at shops.

Inventory:

Hand Weapons
 a - a -1 mace of flaming
 g - a +2 dagger of venom
Armour
 j - the +3 pair of gloves of Periwinkles (worn) {rElec Int+2 Dex+4}
   (You acquired it on level 1 of the Dungeon)

   Int+2:     It affects your intelligence (+2).
   Dex+4:     It affects your dexterity (+4).
   rElec:     It insulates you from electricity.
 y - a +1 helmet (worn)
 B - a +0 pair of boots (worn)
 D - an orb of energy (worn)
 M - a +0 plate armour (worn)
Magical Staves
 i - a staff of fire (weapon)
Jewellery
 b - an amulet of the acrobat
 f - an amulet of faith
 k - an amulet of reflection (around neck)
 o - a ring of positive energy
 v - a ring of poison resistance
 x - the ring of Ruoxtin (right hand) {rF+ Dex+2}
   (You took it off an orc warrior on level 7 of the Dungeon)

   [ring of protection from fire]

   Dex+2:     It affects your dexterity (+2).
   rF+:       It protects you from fire.
 J - a +4 ring of protection (left hand)
Wands
 e - a wand of light (11)
 K - a wand of mindburst (5)
 L - a wand of paralysis (11)
 P - a wand of flame (13)
 Q - a wand of polymorph (8)
Scrolls
 c - a scroll of revelation
 d - 2 scrolls of noise
 m - a scroll of silence
 n - 2 scrolls of vulnerability
 r - 4 scrolls of teleportation
 s - a scroll of enchant weapon {unknown}
 w - 6 scrolls of enchant armour
 E - a scroll of poison
 G - 2 scrolls of fog
 I - a scroll of brand weapon {unknown}
 O - a scroll of amnesia {unknown}
Potions
 h - a potion of mutation {unknown}
 l - a potion of magic {unknown}
 p - a potion of degeneration {unknown}
 q - a potion of brilliance
 t - 3 potions of lignification
 A - 2 potions of haste {unknown}
 C - a potion of might {unknown}
 F - a potion of enlightenment {unknown}
 H - a potion of experience {unknown}


   Skills:
 + Level 8.3 Fighting
 - Level 3.6(6.2) Maces & Flails
 + Level 7.2(7.6) Staves
 + Level 7.2 Armour
 * Level 8.2 Spellcasting
 * Level 4.4 Summonings
 * Level 12.0 Fire Magic
 + Level 7.0 Evocations


You had 17 spell levels left.
You knew the following spells:

 Your Spells              Type           Power      Damage    Failure   Level
a - Scorch                Fire           100%       2d9       2%          2
b - Passwall              Erth           13%        N/A       71%         3
c - Summon Blazeheart Go  Fire/Summ      80%        N/A       17%         4

Your spell library contained the following spells:

 Spells                   Type           Power      Damage    Failure   Level
 Summon Small Mammal      Summ           100%       N/A       11%         1
 Call Canine Familiar     Summ           42%        N/A       22%         3
 Cigotuvi's Dreadful Rot  Necr/Alch/Air  26%        N/A       50%         2
 Ensorcelled Hibernation  Hex/Ice        26%        N/A       50%         2
 Swiftness                Air            13%        N/A       71%         3
 Martyr's Knell           Necr/Summ      28%        N/A       78%         4
 Dispel Undead            Necr           13%        3d9       96%         4


Dungeon Overview and Level Annotations

Branches:
Dungeon (10/15)            Temple (1/1) D:5            Lair (1/5) D:8
    Orc: D:9-12

Altars:
Ashenzari
Cheibriados
Dithmenos
Elyvilon
Fedhas
Gozag
Hepliaklqana
Kikubaaqudgha
Makhleb
Nemelex Xobeh
Okawaru
Qazlal
Ru
Sif Muna
Trog
Uskayaw
Vehumet
Wu Jian
Xom
Yredelemnul
Zin
The Shining One

Shops:
D:5 :   D:6 !?**

Annotations:
Temple 2 transporters


Innate Abilities, Weirdness & Mutations

Your spellcasting is much less encumbered by armour.
You can use scrolls of enchantment on lesser artefacts.


Message History

As you read the scroll of teleportation, it crumbles to dust.
You feel strangely unstable.
You feel very sick.
The cane toad stings you but does no damage.
The yak gores you.
You feel much better.
You feel sick.
The cane toad stings you but does no damage.
The yak gores you.
You barely miss the yak.
The yak is almost dead.
You feel sick. The cane toad stings you! The yak gores you.
* * * LOW HITPOINT WARNING * * *
Casting: Scorch (safe; 2% risk of failure)
Press: ? - help, Q - select action, (/) - cycle Dir - look around, f - activate
Okay, then.
You barely miss the yak.
The yak is almost dead.
Your surroundings suddenly seem different.
You feel sick.
You start resting.
You feel sick.
A water moccasin comes into view.
A rime drake comes into view.
You feel sick.
The rime drake hisses angrily.
The water moccasin hisses angrily.
Casting: Scorch (safe; 2% risk of failure)
Press: ? - help, Q - select action, (/) - cycle Dir - look around, f - activate
Okay, then.
You feel clever all of a sudden.
You feel sick.
Okay, then.
Casting: Scorch (safe; 2% risk of failure)
Press: ? - help, Q - select action, (/) - cycle Dir - look around, f - activate You feel a strong surge of power!
Flames lash the rime drake.
The rime drake is moderately wounded.
The rime drake's fire resistance burns away.
You feel sick. The rime drake breathes ice at you.
The icy flash freeze hits you!!
You die...
Ignis goes out, and joins you in death.

.#.......
.........
.........
#........
#...S....
#........
##........
#.........
#@##......
#....#.....
#..k........
.............
..............
................
....####.......
##.# #......


You could see a rime drake (catching breath, combustible) and a water moccasin.

Vanquished Creatures
  Erica (Lair:1)
  3 two-headed ogres
  A tengu warrior (D:7)
  A lindwurm (Lair:1)
  A black mamba (Lair:1)
  Jeremiah (D:7)
  A freezing wraith (D:7)
  A rime drake (D:8)
  3 kobold demonologists (D:9)
  2 trolls
  Prince Ribbit (D:6)
  2 ynoxinuls (D:9)
  A shadow (D:9)
  4 wyverns
  A slime creature (D:7)
  4 yaks
  Grum (D:10)
  A steam dragon (D:6)
  A vampire mosquito (D:7)
  4 water moccasins
  A nameless horror (D:9)
  4 ice beasts
  6 orc warriors
  A sky beast (D:7)
  3 ogres
  6 wolves
  4 centaurs
  A phantom (D:5)
  6 kobold brigands
  A gnoll sergeant (D:10)
  3 bullfrogs (D:7)
  6 scorpions
  A water moccasin zombie (D:6)
  13 wights
  8 killer bees
  2 electric eels
  A howler monkey (D:9)
  4 jellies
  4 gnoll boudas
  13 orc priests
  4 iguanas
  19 orc wizards
  A killer bee zombie (D:6)
  22 gnolls
  12 adders
  A shadow imp (D:7)
  5 white imps
  10 ufetubi
  7 dart slugs
  6 ribbon worms
  46 orcs
  8 ball pythons
  7 endoplasms
  5 giant cockroaches
  5 goblins
  3 hobgoblins
  9 jackals
  16 kobolds
  9 quokkas
  5 bats
  5 frilled lizards
  4 rats
332 creatures vanquished.

Vanquished Creatures (collateral kills)
  Psyche (D:9)
  A yak (D:10)
  3 wolves (D:10)
5 creatures vanquished.

Vanquished Creatures (others)
  5 blazeheart cores
  24 foxfires (D:9)
29 creatures vanquished.

Grand Total: 366 creatures vanquished

Notes
Turn   | Place    | Note
-------+----------+-------------------------------------------
     0 | D:1      | KennySheep the Mountain Dwarf Cinder Acolyte began the
                  | quest for the Orb.
     0 | D:1      | Reached XP level 1. HP: 19/19 MP: 2/2
    74 | D:1      | Reached XP level 2. HP: 15/26 MP: 3/3
    77 | D:1      | Learned a level 2 spell: Scorch
   317 | D:1      | Reached skill level 1 in Armour
   327 | D:1      | Reached skill level 4 in Fire Magic
   842 | D:1      | Identified 2 scrolls of acquirement
   842 | D:1      | Acquired the +3 pair of gloves of Periwinkles {rElec Int+2
                  | Dex+4}
   849 | D:1      | Acquired a staff of fire
   904 | D:2      | Reached XP level 3. HP: 31/31 MP: 1/5
  1873 | D:2      | Reached XP level 4. HP: 40/40 MP: 3/6
  1873 | D:2      | Noticed an ogre
  1901 | D:2      | Killed an ogre
  1902 | D:2      | Reached skill level 1 in Staves
  1902 | D:2      | Reached skill level 1 in Evocations
  1902 | D:2      | Reached XP level 5. HP: 23/46 MP: 2/8
  2809 | D:3      | Reached skill level 5 in Fire Magic
  3085 | D:3      | Found a shimmering blue altar of Sif Muna.
  3349 | D:3      | Found a sacrificial altar of Ru.
  3349 | D:3      | Found a blossoming altar of Fedhas.
  3413 | D:3      | Found a glowing silver altar of Zin.
  3550 | D:4      | Reached XP level 6. HP: 52/52 MP: 6/9
  4045 | D:4      | Learned a level 3 spell: Passwall
  4277 | D:4      | Noticed an orc warrior
  4309 | D:3      | Killed an orc warrior
  4491 | D:4      | Reached XP level 7. HP: 60/60 MP: 4/11
  4565 | D:4      | Reached skill level 6 in Fire Magic
  5189 | D:4      | Found the +1 Delatra's gloves {ID++}
  5535 | D:5      | Entered Level 5 of the Dungeon
  5641 | D:5      | Reached skill level 5 in Fighting
  5851 | D:5      | Found an ancient bone altar of Kikubaaqudgha.
  5937 | D:5      | Found Nimo's Book Boutique.
  6240 | D:5      | Reached XP level 8. HP: 68/68 MP: 6/14
  6467 | D:5      | Reached skill level 7 in Fire Magic
  6472 | D:5      | Found a staircase to the Ecumenical Temple.
  6481 | Temple   | Found a transporter.
  6481 | Temple   | Found a transporter.
  6481 | Temple   | Found a transporter.
  6481 | Temple   | Found a transporter.
  6481 | Temple   | Entered the Ecumenical Temple
  7235 | D:6      | Found an iron altar of Okawaru.
  7289 | D:6      | Noticed Prince Ribbit
  7295 | D:6      | Killed Prince Ribbit
  7639 | D:6      | Reached skill level 8 in Fire Magic
  7639 | D:6      | Reached XP level 9. HP: 58/75 MP: 8/16
  7752 | D:6      | Reached skill level 5 in Spellcasting
  7955 | D:6      | Found Puxtoox's Magic Scroll Shoppe.
  7956 | D:6      | Found Tilaph's General Store.
  7958 | D:6      | Found Dove's Distillery.
  7964 | D:6      | Bought a scroll of identify for 26 gold pieces
  8541 | D:6      | Found a basalt altar of Yredelemnul.
  8607 | D:6      | Found Gonenicw's Gadget Gallery.
  8749 | D:7      | Found a white marble altar of Elyvilon.
  8868 | D:7      | Noticed Jeremiah
  8909 | D:7      | Killed Jeremiah
  8910 | D:7      | Reached skill level 5 in Armour
  9116 | D:7      | Reached skill level 9 in Fire Magic
  9337 | D:7      | Reached skill level 5 in Staves
  9555 | D:7      | Noticed a troll
  9555 | D:7      | Noticed a tengu warrior
  9561 | D:7      | Reached skill level 5 in Evocations
  9564 | D:7      | Killed a troll
  9565 | D:7      | Reached XP level 10. HP: 76/84 MP: 12/19
  9570 | D:7      | Killed a tengu warrior
 10003 | D:7      | Reached skill level 10 in Fire Magic
 10673 | D:7      | Identified the ring of Ruoxtin {rF+ Dex+2}
 11940 | D:8      | Noticed a two-headed ogre
 11950 | D:8      | Killed a two-headed ogre
 12420 | D:8      | Learned a level 4 spell: Summon Blazeheart Golem
 12457 | D:8      | Found a staircase to the Lair.
 12837 | D:8      | Reached XP level 11. HP: 87/92 MP: 14/21
 12963 | D:8      | Reached skill level 1 in Summonings
 13969 | D:9      | Noticed a sixfirhy
 13976 | D:9      | Noticed a sixfirhy
 13981 | D:9      | Reached skill level 11 in Fire Magic
 14523 | D:9      | Noticed Psyche
 14535 | D:9      | Killed Psyche
 14939 | D:10     | Entered Level 10 of the Dungeon
 15074 | D:10     | Noticed a two-headed ogre
 15075 | D:10     | Noticed Grum
 15250 | D:10     | Killed a two-headed ogre
 15396 | D:10     | Killed Grum
 15465 | D:10     | Noticed a two-headed ogre
 15473 | D:10     | Killed a two-headed ogre
 15701 | D:10     | Found a hide-covered altar of Uskayaw.
 16567 | Lair:1   | Entered Level 1 of the Lair of Beasts
 16567 | Lair:1   | Noticed a catoblepas
 16929 | Lair:1   | Noticed a lindwurm
 17104 | Lair:1   | Killed a lindwurm
 17143 | Lair:1   | Noticed Erica
 17161 | Lair:1   | Killed Erica
 17162 | Lair:1   | Reached skill level 12 in Fire Magic
 17195 | Lair:1   | Killed from afar by a rime drake

Illustrated notes

Levels and vault maps discovered:
D:1:      saegor_arrival_fortress, layout_basic, minmay_hedge_maze
D:2:      layout_basic, kennysheep_nub, small_statue_intersection,
          minmay_heptomino_o4
D:3:      layout_loops_ring, mainiacjoe_overflow_concentric_impassable,
          zin_treasury, gammafunk_temple_overflow_wave
D:4:      layout_loops_cross, serial_library_hellmonk_small_corner,
          kennysheep_diamond, pf_guarded_unrand_delatra
D:5:      layout_layer_cave, lemuel_doored_altar,
          minmay_temple_entry_large_hall, serial_shops,
          nicolae_shop_advertising_works [nicolae_subvault_shop_adworks]
D:6:      layout_basic, okawaru_gym_becter, lemuel_zombie_altar_yredelemnul,
          nicolae_shop_distant_corner_stores, nicolae_shop_gadgets,
          uniq_prince_ribbit1
D:7:      nzn_winding_woodlands_stair_cross
          [nzn_winding_woodlands_5x15_concentric,
          nzn_winding_woodlands_center_diamonds,
          nzn_winding_woodlands_5x15_sidewinder,
          nzn_winding_woodlands_5x5_cross, nzn_winding_woodlands_5x5_three,
          nzn_winding_woodlands_5x15_lazy_stream,
          nzn_winding_woodlands_center_triple_pond,
          nzn_winding_woodlands_5x15_pool], layout_basic,
          mainiacjoe_overflow_24_doors, uniq_jeremiah
D:8:      layout_basic, hellmonk_lair_entry_icy, nrook_uturn
D:9:      layout_layer_cave, nicolae_fort_ynox, uniq_psyche
D:10:     layout_long_grid, kennysheep_mini_moat, kennysheep_generic_room_5,
          uniq_grum
Temple:   hellmonk_temple_divided_pantheon
Lair:1:   layout_hall_layers, nicolae_lair_lindhole, uniq_erica

Skill      XL: |  1  2  3  4  5  6  7  8  9 10 11 |
---------------+----------------------------------+-----
Armour         | 1 2 3 4 5 6 7 |  7.2
Fire Magic     | 4 5 6 8 9 10 12 | 12.0
Fighting       | 4 5 6 7 8 |  8.3
Staves         | 1 2 3 4 5 6 7 |  7.2
Spellcasting   | 2 3 4 6 7 8 |  8.2
Evocations     | 1 2 3 4 5 6 7 |  7.0
Summonings     | 4 |  4.4
Maces & Flails | |  3.6

Action                     |  1- 3 |  4- 6 |  7- 9 | 10-12 || total
---------------------------+-------+-------+-------+-------++-------
  Melee: Mace              |    28 |       |       |       ||    28
         Dagger            |     5 |       |       |       ||     5
         Staff             |    64 |    54 |   105 |    80 ||   303
   Cast: Scorch            |    28 |    69 |   161 |   312 ||   570
         Summon Blazeheart |       |       |       |    14 ||    14
 Invoke: Fiery Armour      |     1 |     2 |     2 |     2 ||     7
         Rising Flame      |       |     1 |       |       ||     1
         Foxfire Swarm     |       |       |       |     2 ||     2
    Use: Scroll            |     2 |       |     6 |     7 ||    15
         Potion            |       |     2 |     2 |     4 ||     8
 Armour: Robe              |    11 |       |       |       ||    11
         Scale mail        |    49 |    59 |       |       ||   108
         Chain mail        |       |       |   152 |   178 ||   330
         Plate armour      |       |       |       |   239 ||   239
  Dodge: Dodged            |    35 |    34 |    45 |   111 ||   225
  Block: Other             |    15 |    20 |    32 |       ||    67
         Reflection        |       |     1 |     4 |       ||     5

Table legend: (Time is in decaauts)
 A = Elapsed time spent in this place.
 B = Non-inter-level travel time spent in this place.
 C = Inter-level travel time spent in this place.
 D = Time resting spent in this place.
 E = Time spent auto-exploring this place.
 F = Levels seen in this place.
 G = Mean time per level.
                   A        B        C        D        E       F      G
               +--------+--------+--------+--------+--------+-----+--------+
         Total |  17232 |  16285 |    947 |   4315 |   9278 |  12 | 1436.0 |
       Dungeon |  16805 |  15859 |    946 |   4081 |   9167 |  10 | 1680.5 |
        Temple |      1 |      1 |      0 |      0 |      0 |   1 |    1.0 |
          Lair |    425 |    425 |      0 |    234 |    111 |   1 |  425.0 |
               +--------+--------+--------+--------+--------+-----+--------+

Top non-repeatable levels by time:
     D:7: 2916 daAuts
     D:8: 2170 daAuts
     D:6: 1761 daAuts
     D:3: 1750 daAuts
     D:5: 1736 daAuts
     D:2: 1554 daAuts
    D:10: 1492 daAuts
     D:4: 1364 daAuts
     D:9: 1174 daAuts
     D:1: 883 daAuts
  Lair:1: 425 daAuts
  Temple: 1 daAuts
